 Dungeon Crawl Stone Soup version 0.20.2-3-g29329e0561 (webtiles) character file.

818 Alfie the Slasher (level 7, -4/61 HPs)
             Began as a Minotaur Fighter on Nov 26, 2020.
             Slain by Alfie's ghost (11 damage)
             ... on level 4 of the Dungeon.
             The game lasted 00:06:42 (2727 turns).

Alfie the Slasher (Minotaur Fighter)                Turns: 2727, Time: 00:06:42

Health: -4/61      AC:  7    Str: 28    XL:     7   Next: 62%
Magic:  6/6        EV:  9    Int:  5    God:
Gold:   138        SH: 11    Dex:  9    Spells: 6/6 levels left

rFire    . . .     SeeInvis .   a - +1 long sword
rCold    . . .     Gourm    .   c - +0 shield
rNeg     . . .     Faith    .   b - +0 scale mail
rPois    .         Spirit   .   (helmet restricted)
rElec    .         Reflect  .   (no cloak)
rCorr    .         Harm     .   (no gloves)
MR       .....                  (no boots)
Stlth    ..........             (no amulet)
Regen    0.2/turn               (no ring)
MPRegen  0.1/turn               (no ring)

@: mighty
A: retaliatory headbutt, horns 2
a: no special abilities


You were on level 4 of the Dungeon.
You were not hungry.

You visited 1 branch of the dungeon, and saw 4 of its levels.

You collected 138 gold pieces.

Inventory:

Hand Weapons
 a - a +1 long sword (weapon)
Armour
 b - a +0 scale mail (worn)
 c - a +0 shield (worn)
Jewellery
 j - an uncursed ring of fire {unknown}
 r - an uncursed ring of resist corrosion
Wands
 h - a wand of paralysis (16/24)
 k - a wand of digging (9/24)
 q - a wand of confusion (38/48)
Scrolls
 e - a scroll of recharging
 g - a scroll of teleportation
 m - 2 scrolls of magic mapping
 n - 2 scrolls of remove curse
Potions
 d - a potion of degeneration {unknown}
Comestibles
 f - 2 bread rations
 i - a meat ration


   Skills:
 + Level 5.4 Fighting
 + Level 6.5 Long Blades
 + Level 5.4 Armour
 + Level 2.2 Dodging
 + Level 0.3 Stealth
 + Level 6.2 Shields


You had 6 spell levels left.
You didn't know any spells.

Dungeon Overview and Level Annotations

Branches:
Dungeon (4/15)
 Temple: D:4-7

Altars:
Ru

Annotations:
D:4 Alfie's ghost, amateur MiFi


Innate Abilities, Weirdness & Mutations

You reflexively headbutt those who attack you in melee.
You have a pair of horns on your head.


Message History

The adder bites you but does no damage. x2
You closely miss the adder. You headbutt the adder.
You kill the adder!
Alfie's ghost hits you. You block Alfie's ghost's attack.
Alfie's ghost hits you.
Found a stone staircase leading up.
Alfie's ghost ripples.
Alfie's ghost barely misses you. Alfie's ghost hits you!
* * * LOW HITPOINT WARNING * * *
You barely miss Alfie's ghost. Your headbutt misses Alfie's ghost.
Alfie's ghost hits you but does no damage.
You closely miss Alfie's ghost. Your headbutt misses Alfie's ghost.
Alfie's ghost whispers, "Trust me.
Just give in."
Alfie's ghost hits you!
* * * LOW HITPOINT WARNING * * *
You slice Alfie's ghost!! You headbutt Alfie's ghost.
Alfie's ghost is heavily damaged.
Alfie's ghost hits you!
You die...

#...# ### #...# #..
#...###### #.# #........#
#.# ####...####.## #.#
.............###.######..
.........................
......[......###W.###.#..
####..>####.## #@.$......
###........# #......#<.
#..)...##### #......#
#......# ##..#.##
##......# #......
........# #.##.##.
##..#.#.# #.# .# .
........# #.# . ##......#


You could see Alfie's ghost.

Vanquished Creatures
  Sigmund (D:4)
  Duvessa (D:4)
  2 ogres (D:4)
  A big kobold (D:3)
  Dowan (D:4)
  A scorpion (D:4)
  A hound (D:4)
  Natasha (twice) (D:2)
  A worker ant (D:3)
  6 adders
  4 dart slugs
  5 leopard geckos
  9 bats
  2 giant cockroaches
  7 goblins
  5 hobgoblins
  2 jackals (D:2)
  14 kobolds
  A quokka (D:2)
  2 frilled lizards
  A leopard gecko skeleton (D:4)
  7 rats
76 creatures vanquished.

Notes
Turn   | Place    | Note
-------+----------+-------------------------------------------
     0 | D:1      | Alfie the Minotaur Fighter began the quest for the Orb.
     0 | D:1      | Reached XP level 1. HP: 19/19 MP: 0/0
   306 | D:1      | Reached XP level 2. HP: 27/27 MP: 1/1
   870 | D:2      | Noticed Natasha
   875 | D:2      | Killed Natasha
   875 | D:2      | Reached XP level 3. HP: 23/33 MP: 2/2
  1096 | D:2      | Found a sacrificial altar of Ru.
  1430 | D:2      | Reached XP level 4. HP: 31/40 MP: 3/3
  1533 | D:2      | Noticed Natasha
  1543 | D:2      | Killed Natasha
  1906 | D:3      | Reached XP level 5. HP: 47/47 MP: 4/4
  2012 | D:3      | Reached skill level 5 in Shields
  2298 | D:3      | Reached skill level 1 in Dodging
  2475 | D:3      | Reached skill level 5 in Armour
  2562 | D:4      | Reached XP level 6. HP: 38/53 MP: 5/5
  2586 | D:4      | Reached skill level 5 in Long Blades
  2613 | D:4      | Noticed Duvessa
  2616 | D:4      | Noticed Dowan
  2623 | D:4      | Killed Duvessa
  2623 | D:4      | Reached skill level 5 in Fighting
  2623 | D:4      | Reached XP level 7. HP: 26/61 MP: 6/6
  2630 | D:4      | Killed Dowan
  2670 | D:4      | Noticed Sigmund
  2678 | D:4      | Killed Sigmund
  2716 | D:4      | Noticed Alfie's ghost (amateur MiFi)
  2727 | D:4      | Slain by Alfie's ghost

Skill      XL: |  1  2  3  4  5  6  7 |
---------------+----------------------+-----
Armour         | 4 5 |  5.4
Fighting       | 4 5 |  5.4
Shields        | 4 5 6 |  6.2
Long Blades    | 3 4 5 6 |  6.5
Dodging        | 1 2 |  2.2
Stealth        | |  0.3

Action                   |  1- 3 |  4- 6 |  7- 9 || total
-------------------------+-------+-------+-------++-------
Melee: Long sword        |    62 |   115 |    18 ||   195
       Headbutt          |    12 |    14 |     7 ||    33
  Use: Scroll            |       |    10 |       ||    10
       Potion            |       |     2 |     1 ||     3
  Eat: Fruit             |     2 |     2 |       ||     4
       Bread ration      |       |     1 |       ||     1
Armor: Scale mail        |    41 |    38 |     9 ||    88
Dodge: Dodged            |    20 |    32 |     3 ||    55
Block: Shield            |    51 |    68 |     5 ||   124
       Rpst.: Long sword |     6 |     8 |       ||    14
